 Dungeon Crawl Stone Soup version 0.21.1-1-g345015fe64 (webtiles) character file.

2564 Htamos the Thaumaturge (level 9, -12/51 HPs)
             Began as an Octopode Wizard on July 16, 2018.
             Was a Priest of Sif Muna.
             Mangled by a warg (14 damage)
             ... on level 8 of the Dungeon.
             The game lasted 00:21:57 (10888 turns).

Htamos the Thaumaturge (Octopode Wizard)           Turns: 10888, Time: 00:21:58

Health: -12/51     AC:  2    Str:  6      XL:     9   Next: 57%
Magic:  17/33      EV: 13    Int: 24      God:    Sif Muna [***...]
Gold:   412        SH:  0    Dex:  9 (10) Spells: 26/30 levels left

rFire    . . .     SeeInvis .   j - -3 short sword (curse)
rCold    + . .     Gourm    .   (no shield)
rNeg     . . .     Faith    .   a - +1 hat
rPois    .         Spirit   .   (no amulet)
rElec    .         Reflect  .   i - ring of magical power
rCorr    +         Harm     .   l - ring of protection from cold
MR       .....                  t - ring of stealth
Stlth    ++++......             w - ring of resist corrosion
HPRegen  0.17/turn              (no ring)
MPRegen  0.23/turn              (no ring)
                                (no ring)
                                (no ring)

@: drained
A: almost no armour, stealthy swim, amphibious, 8 rings, constrict 8, camouflage
1, gelatinous body 1, subdued magic 1
a: Divine Energy, Channel Magic, Renounce Religion


You were on level 8 of the Dungeon.
You worshipped Sif Muna.
Sif Muna was most pleased with you.
You were hungry.

You visited 2 branches of the dungeon, and saw 9 of its levels.
You also visited: Sewer.

You collected 412 gold pieces.

Inventory:

Hand Weapons
 d - a +1 whip of flaming
 e - a +1 hunting sling
 f - a +0 spear
 j - a cursed -3 short sword (weapon)
 o - a +0 dagger
 p - a +0 vampiric morningstar
 F - a +0 rapier
Missiles
 m - 204 stones (quivered)
 n - 26 poisoned needles
Armour
 a - a +1 hat (worn)
Jewellery
 h - a cursed ring of teleportation {unknown}
 i - a ring of magical power (left tentacle)
 l - a ring of protection from cold (right tentacle)
 t - a ring of stealth (on tentacle)
 v - an uncursed ring of protection from cold
 w - a ring of resist corrosion (on tentacle)
Wands
 q - a wand of digging (7)
 s - a wand of polymorph (8)
 x - a wand of disintegration (7)
Scrolls
 g - a scroll of identify
 k - 3 scrolls of teleportation
 r - 3 scrolls of fog
 A - 2 scrolls of magic mapping
Potions
 B - a potion of magic
 E - 3 potions of haste
 G - 3 potions of brilliance
Books
 b - a book of Minor Magic

   Spells                             Type                      Level
   a - Magic Dart                     Conjuration                  1
   b - Blink                          Translocation                2
   c - Call Imp                       Summoning                    2
   d - Slow                           Hexes                        2
   e - Conjure Flame                  Conjuration/Fire             3
   f - Mephitic Cloud                 Conjuration/Poison/Air       3
Comestibles
 c - 12 rations


   Skills:
 - Level 2.0(1.5) Dodging
 - Level 2.6(2.1) Stealth
 + Level 11.0(10.3) Spellcasting
 - Level 5.1(4.5) Conjurations
   Level 1.0(0.5) Summonings
   Level 1.0(0.5) Translocations


You had 26 spell levels left.
You knew the following spells:

 Your Spells              Type           Power        Failure   Level  Hunger
a - Magic Dart            Conj           ####         1%          1    None
b - Conjure Flame         Conj/Fire      ###.....     4%          3    None


Dungeon Overview and Level Annotations

Branches:
Dungeon (8/15)             Temple (1/1) D:4
   Lair: D:8-11

Altars:
Ashenzari
Cheibriados
Dithmenos
Elyvilon
Fedhas
Gozag
Hepliaklqana
Kikubaaqudgha
Makhleb
Nemelex Xobeh
Okawaru
Qazlal
Ru
Sif Muna
Trog
Uskayaw
Vehumet
Wu Jian
Xom
Yredelemnul
Zin
The Shining One

Shops:
D:8 :

Annotations:
D:5 exclusion: door, Edmund
D:8 Gastronok


Innate Abilities, Weirdness & Mutations

You cannot wear most types of armour.
You are very stealthy in the water. (Stealth+)
You are amphibious.
You can wear up to eight rings at the same time.
You can use your tentacles to constrict eight enemies at once.
Your skin changes colour to match your surroundings (Stealth+).
Your rubbery body absorbs attacks. (AC +1, EV +1)
Your spells are a little easier to cast, but a little less powerful.


Message History

The warg is heavily wounded.
The warg bites you!
* * * LOW HITPOINT WARNING * * *
Casting: Magic Dart
Confirm with . or Enter, or press ? or * to list all spells.
Aiming: Magic Dart
Press: ? - help, Shift-Dir - straight line, f/p - warg
Aim: a warg (heavily wounded)
The magic dart hits the warg.
The warg is heavily wounded.
The warg closely misses you.
Casting: Magic Dart
Confirm with . or Enter, or press ? or * to list all spells.
Aiming: Magic Dart
Press: ? - help, Shift-Dir - straight line, f/p - warg
Aim: a warg (heavily wounded)
The magic dart hits the warg.
The warg is severely wounded.
The warg bites you!
You die...

#....##...##....#
###....##...##....#
......#....##...##
#))..#....##)..#
#.)..#....'....#
#....#....#....#
#.)..#....#....#
#.h..#....#....#
#.@..##...##...#
#....##...##...#
#..............#
#..............#
#.............<#
#..............#
#.........>....#
#.............)#
#..............#


You could see a warg.

Vanquished Creatures
  Pikel (D:7)
  A hungry ghost (D:7)
  A warg (D:8)
  2 slaves
  An orc warrior (D:7)
  3 ogres
  A centaur (D:6)
  3 bullfrogs
  A scorpion (D:7)
  4 wights
  A howler monkey (D:6)
  A centaur zombie (D:7)
  4 orc priests
  6 orc wizards
  A hound (D:4)
  A jelly (D:7)
  A centaur skeleton (D:4)
  An iguana (D:7)
  6 worker ants
  A hound zombie (D:8)
  A worker ant zombie (D:7)
  4 gnolls
  7 adders
  11 river rats (Sewer)
  A shadow imp (D:7)
  An ooze (D:4)
  2 worms (D:2)
  An adder skeleton (D:7)
  A dart slug (D:2)
  6 leopard geckos
  28 orcs
  15 ball pythons
  6 giant cockroaches
  10 goblins
  5 hobgoblins
  8 jackals
  8 kobolds
  6 quokkas
  7 bats
  5 frilled lizards
  A kobold zombie (D:4)
  A leopard gecko skeleton (D:7)
  20 rats
196 creatures vanquished.

Notes
Turn   | Place    | Note
-------+----------+-------------------------------------------
     0 | D:1      | Htamos the Octopode Wizard began the quest for the Orb.
     0 | D:1      | Reached XP level 1. HP: 11/11 MP: 4/4
   171 | D:1      | Reached XP level 2. HP: 17/17 MP: 3/6
   601 | D:1      | Reached XP level 3. HP: 21/21 MP: 1/7
  1993 | D:2      | Reached XP level 4. HP: 27/27 MP: 3/8
  2765 | D:3      | Reached XP level 5. HP: 10/31 MP: 6/9
  3012 | D:3      | Reached skill level 5 in Conjurations
  3159 | D:3      | Learned a level 3 spell: Conjure Flame
  4147 | D:4      | Reached skill level 4 in Spellcasting
  4147 | D:4      | Reached XP level 6. HP: 36/36 MP: 12/12
  4428 | D:4      | Reached skill level 5 in Spellcasting
  4468 | D:4      | Noticed Edmund
  4692 | D:4      | Found a staircase to the Ecumenical Temple.
  4735 | D:4      | Found a shimmering altar of Xom.
  4745 | D:4      | Found a shimmering altar of Xom.
  4745 | D:4      | Found a shimmering altar of Xom.
  4746 | D:4      | Found a shimmering altar of Xom.
  4746 | D:4      | Found a shimmering altar of Xom.
  4852 | Temple   | Entered the Ecumenical Temple
  5075 | Temple   | Became a worshipper of Sif Muna the Loreminder
  5105 | D:5      | Entered Level 5 of the Dungeon
  5183 | D:5      | Reached XP level 7. HP: 41/41 MP: 15/15
  5636 | D:6      | HP: 1/41 [orc priest/nerve-wracking pain (2)]
  6077 | D:6      | Found a glowing drain.
  6088 | Sewer    | Entered a sewer
  6143 | Sewer    | Reached skill level 6 in Spellcasting
  6598 | Sewer    | Reached * piety under Sif Muna
  6769 | Sewer    | Reached skill level 7 in Spellcasting
  6769 | Sewer    | Reached XP level 8. HP: 20/46 MP: 9/18
  8045 | D:7      | Reached skill level 8 in Spellcasting
  8053 | D:7      | Gained mutation: Your spells are a little easier to cast, but a little less powerful. [potion of mutation]
  8053 | D:7      | Gained mutation: You are clumsy. (Dex -2) [potion of mutation]
  8053 | D:7      | Lost mutation: You are clumsy. (Dex -2) [potion of mutation]
  8783 | D:7      | Reached ** piety under Sif Muna
  8906 | D:7      | Noticed Pikel
  9170 | D:7      | HP: 1/46 [orc warrior/short sword (7)]
  9175 | D:7      | Reached skill level 9 in Spellcasting
  9380 | D:7      | Killed Pikel
  9380 | D:7      | Reached skill level 10 in Spellcasting
  9380 | D:7      | Reached XP level 9. HP: 15/51 MP: 23/23
 10359 | D:8      | Found a basalt altar of Yredelemnul.
 10373 | D:8      | Found Seoneorod's Book Shop.
 10377 | D:8      | Noticed Gastronok
 10662 | D:8      | Reached *** piety under Sif Muna
 10878 | D:8      | Reached skill level 11 in Spellcasting
 10886 | D:8      | HP: 2/51 [warg (11)]
 10888 | D:8      | Mangled by a warg

Skill      XL: |  1  2  3  4  5  6  7  8  9 |
---------------+----------------------------+-----
Conjurations   | 2 3 4 5 |  5.1
Spellcasting   | 4 5 7 10 11 | 11.0
Dodging        | |  2.0
Stealth        | |  2.6
Summonings     | |  1.0
Translocations | |  1.0

Action                   |  1- 3 |  4- 6 |  7- 9 || total
-------------------------+-------+-------+-------++-------
Melee: Tentacles         |     4 |       |     6 ||    10
       Constrict         |     3 |     1 |    13 ||    17
       Unarmed           |     1 |       |       ||     1
       Hunting sling     |     3 |       |       ||     3
       Short sword       |     4 |     5 |    55 ||    64
 Cast: Magic Dart        |    80 |   165 |   411 ||   656
  Use: Scroll            |     3 |     6 |    11 ||    20
       Potion            |       |       |    16 ||    16
 Stab: Sleeping          |       |       |     2 ||     2
  Eat: Chunk             |     3 |     9 |    11 ||    23
       Ration            |       |       |     3 ||     3
Armor: Skin              |       |       |    27 ||    27
Dodge: Dodged            |     4 |    28 |   141 ||   173
